 Dungeon Crawl Stone Soup version 0.28-b1-70-g80dc712255 (webtiles) character file.

Game seed: 16261159684212821658

929 pkoi the Conjurer (level 7, -3/50 HPs)
             Began as a Black Draconian Conjurer on Feb 3, 2022.
             Was an Initiate of Sif Muna.
             Killed from afar by a steam dragon (7 damage)
             ... with a ball of steam
             ... on level 5 of the Dungeon.
             The game lasted 00:07:28 (8146 turns).

pkoi the Conjurer (Black Draconian Conjurer)        Turns: 8146, Time: 00:07:28

Health: -3/50      AC:  9    Str:  9    XL:     7   Next: 85%
Magic:  5/13       EV: 12    Int: 21    God:    Sif Muna [......]
Gold:   166        SH:  0    Dex:  9    Spells: 7/14 levels left

rFire   . . .      SeeInvis .   l - +0 dagger (venom)
rCold   . . .      Faith    .   (no shield)
rNeg    . . .      Spirit   .   (armour unavailable)
rPois   .          Reflect  .   (helmet restricted)
rElec   +          Harm     .   (no cloak)
rCorr   .          Rampage  .   m - +2 pair of gloves
Will    .....                   (no boots)
Stlth   ++........              (no amulet)
HPRegen 0.16/turn               (no ring)
MPRegen 0.13/turn               (no ring)

@: no status effects
A: breathe lightning, AC +6, unfitting armour, electricity resistance,
cold-blooded
a: Breathe Lightning, Renounce Religion


You were on level 5 of the Dungeon.
You worshipped Sif Muna.
Sif Muna was noncommittal.
You visited 2 branches of the dungeon, and saw 7 of its levels.
You also visited: Sewer.

You collected 166 gold pieces.

Inventory:

Hand Weapons
 a - a +0 spear of protection
 l - a +0 dagger of venom (weapon)
Missiles
 i - a curare-tipped dart
 j - 13 poisoned darts
Armour
 m - a +2 pair of gloves (worn)
Wands
 f - a wand of digging (7)
 n - a wand of paralysis (7)
Scrolls
 b - a scroll of silence
 d - a scroll of amnesia
Potions
 c - a potion of mutation
 e - 6 potions of curing
 g - a potion of attraction
 k - 3 potions of flight


   Skills:
 - Level 1.7 Dodging
 - Level 1.7 Stealth
 + Level 4.4 Spellcasting
 * Level 7.6 Conjurations
 + Level 3.5 Translocations
 + Level 1.9 Invocations


You had 7 spell levels left.
You knew the following spells:

 Your Spells              Type           Power      Damage    Failure   Level
a - Magic Dart            Conj           100%       1d8       1%          1
b - Searing Ray           Conj           72%        2d7       1%          2
c - Iskenderun's Mystic   Conj/Tloc      28%        2d7       12%         4

Your spell library contained the following spells:

 Spells                   Type           Power      Damage    Failure   Level
 Dazzling Flash           Conj/Hex       40%        N/A       7%          3
 Fulminant Prism          Conj/Hex       10%        3d9       24%         4


Dungeon Overview and Level Annotations

Branches:
Dungeon (6/15)             Temple (1/1) D:5           Sewer (visited)

Altars:
Ashenzari
Cheibriados
Dithmenos
Fedhas
Hepliaklqana
Makhleb
Nemelex Xobeh
Okawaru
Ru
Sif Muna
Trog
Vehumet
Wu Jian
Xom
Yredelemnul
Zin
The Shining One

Shops:
D:5 *

Annotations:
D:6 Menkaure


Innate Abilities, Weirdness & Mutations

You can breathe wild blasts of lightning.
Your glossy black scales are hard. (AC +6)
You cannot fit into any form of body armour.
You are resistant to electric shocks. (rElec)
You are cold-blooded and may be slowed by cold attacks.


Message History

Menkaure grins.
Unknown command.
Casting: Searing Ray (safe; 1% risk of failure)
Confirm with . or Enter, or press ? or * to list all spells.
Aiming: Searing Ray (safe; 1% risk of failure)
Press: ? - help, Shift-Dir - straight line, f/p - steam dragon
Aim: a steam dragon (almost dead, catching its breath, 81% to hit)
The searing ray hits the steam dragon.
The steam dragon is almost dead. (Press . to maintain the ray.)
You are engulfed in a cloud of scalding steam.
The black bear is engulfed in a cloud of scalding steam.
Menkaure calls on the powers of darkness!
The steam dragon convulses!
The black bear convulses!
Your body is wracked with pain!
You are engulfed in a cloud of scalding steam.
The steam dragon bites you.
* * * LOW HITPOINT WARNING * * *
The steam dragon completely misses you.
The black bear is engulfed in a cloud of scalding steam.
The black bear bites you but does no damage.
The black bear claws you but does no damage.
The black bear barely misses you.
You climb upwards.
There is a stone staircase leading down here.
The black bear goes berserk!
The steam dragon breathes steam at you. The ball of steam hits you!
* * * LOW HITPOINT WARNING * * *
You are engulfed in a cloud of scalding steam.
The black bear is engulfed in a cloud of scalding steam.
The black bear dies!
Really walk into that cloud of steam? [Y]es or [N]o only, please.
Really walk into that cloud of steam?
Okay, then.
Unknown command.
The steam dragon breathes steam at you. The ball of steam hits you!
You die...

###......##..###...#.....#
#######.............#........#..
#....##.................##..##..
#....##....................##...
##..........................#....
#......###...........>.....##....
#......# #..(.............####...
.#..#..####.......D.......#......
÷..##....#...###@§§.§.....#..####
#÷##.....#..## ##...............#
...#........# ##§#......#.......
.∩.#....#..## #..##....##.......
...#...###..## #..##..####.......
#+##...# ##..###..###.######.....
.......# #.##...####...# #.....
.......####.#.....#.#..#####....#
............##............##....#


You could see a steam dragon (catching breath).

Vanquished Creatures
  2 phantoms (D:5)
  A kobold brigand (Sewer)
  A bullfrog (D:5)
  2 scorpions
  A water moccasin skeleton (D:4)
  A howler monkey (D:4)
  A centaur skeleton (D:5)
  A gnoll shaman (D:5)
  A hound (D:4)
  3 iguanas
  10 gnolls
  9 adders
  A dart slug (D:5)
  8 orcs
  12 endoplasms
  7 giant cockroaches
  6 goblins
  7 hobgoblins
  11 kobolds
  5 quokkas
  7 ball pythons
  11 bats
  6 frilled lizards
  16 rats
130 creatures vanquished.

Vanquished Creatures (others)
  A black bear (D:5)
1 creature vanquished.

Grand Total: 131 creatures vanquished

Notes
Turn   | Place    | Note
-------+----------+-------------------------------------------
     0 | D:1      | pkoi the Draconian Conjurer began the quest for the Orb.
     0 | D:1      | Reached XP level 1. HP: 14/14 MP: 3/3
    50 | D:1      | Reached XP level 2. HP: 20/20 MP: 0/5
   637 | D:1      | Reached XP level 3. HP: 26/26 MP: 0/6
   946 | D:1      | Found a faded altar of an unknown god.
  1359 | D:2      | Reached skill level 5 in Conjurations
  1745 | D:2      | Reached XP level 4. HP: 33/33 MP: 5/8
  2065 | D:2      | Learned a level 2 spell: Searing Ray
  2163 | D:2      | Learned a level 4 spell: Iskenderun's Mystic Blast
  2815 | D:3      | Found a glowing drain.
  2869 | Sewer    | Entered a sewer
  2969 | Sewer    | Noticed a kobold brigand
  2995 | Sewer    | Killed a kobold brigand
  2996 | Sewer    | Reached skill level 1 in Translocations
  2996 | Sewer    | Reached XP level 5. HP: 14/38 MP: 0/9
  3342 | Sewer    | Found a white marble altar of Elyvilon.
  3659 | D:3      | Found a hazy altar of Hepliaklqana.
  3936 | D:3      | Found a basalt altar of Yredelemnul.
  4039 | D:4      | Reached skill level 6 in Conjurations
  4272 | D:4      | Reached XP level 6. HP: 45/45 MP: 5/11
  4485 | D:4      | Found a glowing silver altar of Zin.
  4488 | D:4      | Noticed an angel
  4535 | D:4      | Found a shimmering altar of Xom.
  5855 | D:5      | Entered Level 5 of the Dungeon
  6275 | D:4      | Your scales start taking on a glossy black colour.
  6275 | D:4      | Reached XP level 7. HP: 22/50 MP: 2/13
  6275 | D:4      | Gained mutation: You are resistant to electric shocks.
                  | (rElec) [Black Draconian growth]
  6672 | D:5      | Found a staircase to the Ecumenical Temple.
  6801 | Temple   | Entered the Ecumenical Temple
  6910 | Temple   | Became a worshipper of Sif Muna the Loreminder
  6934 | D:5      | Reached skill level 7 in Conjurations
  7195 | D:5      | Reached skill level 1 in Invocations
  7482 | D:5      | Found Xuymengyick's Serpentskin Sales.
  8131 | D:6      | Noticed a steam dragon
  8134 | D:6      | Noticed Menkaure
  8146 | D:5      | Killed from afar by a steam dragon

Illustrated notes

Levels and vault maps discovered:
D:1:      erik_arrival_orb_chamber, layout_basic,
          ebering_ecumenical_altar_petrified, minmay_misc_feat_chi
D:2:      minmay_skewed_foursquare, layout_basic, grunt_ministairs_2
D:3:      layout_loops_ring, nzn_hepliaklqana_mist_gate,
          nicolae_overflow_hidden_temple, portal_sewer_entry_c
D:4:      layout_loops_cross, grunt_temple_overflow_order_and_chaos_1,
          grunt_ministairs_4
D:5:      layout_cave_pools, minmay_temple_entry_statues, guppyfry_shop_venom
D:6:      layout_cave_pools, marbit_many_paths,
          chequers_temple_overflow_statue_of_worship, ebering_ghost_sewer_d,
          st_stairs_4, chequers_serial_rivers_small_b, uniq_menkaure
Temple:   dshaligram_water_room_temple

Skill      XL: |  1  2  3  4  5  6  7 |
---------------+----------------------+-----
Conjurations   | 5 6 7 |  7.6
Spellcasting   | 3 4 |  4.4
Translocations | 1 2 3 |  3.5
Invocations    | 1 |  1.9
Dodging        | |  1.7
Stealth        | |  1.7

Action                   |  1- 3 |  4- 6 |  7- 9 || total
-------------------------+-------+-------+-------++-------
Melee: Spear             |    17 |    19 |       ||    36
       Tailslap          |     2 |     7 |     4 ||    13
       Dagger            |       |    28 |    28 ||    56
       Punch             |       |     1 |       ||     1
 Cast: Magic Dart        |    71 |   103 |    41 ||   215
       Searing Ray       |       |     9 |    11 ||    20
 Abil: Breathe Lightning |       |       |     1 ||     1
  Use: Scroll            |       |     5 |       ||     5
       Potion            |       |     4 |       ||     4
Armor: Skin              |    12 |    33 |    20 ||    65
Dodge: Dodged            |    11 |    51 |    43 ||   105
